 Dungeon Crawl Stone Soup version 0.32-a0-391-gce5c0aab1b (webtiles) character file.

Game seed: 1137657665156381321

14310 CougarLife the Geomancer (level 12, -6/59 HPs)
             Began as a Gargoyle Earth Elementalist on Feb 20, 2024.
             Was an Elder of Vehumet.
             Mangled by a skeletal warrior
             ... wielding a +0 battleaxe of freezing
              (26 damage)
             ... on level 11 of the Dungeon.
             The game lasted 00:19:03 (12337 turns).

CougarLife the Geomancer (GrEE)                    Turns: 12337, Time: 00:19:04

Health: -6/59      AC: 20    Str: 13    XL:     12   Next: 15%
Magic:  7/26       EV: 11    Int: 26    God:    Vehumet [****..]
Gold:   764        SH:  0    Dex:  7    Spells: 28/32 levels left

rFire   + . .        J - staff of conjuration
rCold   . . .        (no shield)
rNeg    + . .        y - +3 leather armour {rF+}
rPois   ∞            (no helmet)
rElec   +            e - +0 cloak
rCorr   .            h - +0 pair of gloves
SInv    .            (no boots)
Will    +....        (no amulet)
Stlth   +            f - +4 ring of protection
HPRegen 0.29/turn    F - ring of Lucidity {Wiz Will+ Int+6 Dex-3}
MPRegen 0.20/turn

%: wizardry (x1)
@: no status effects
A: sickness immunity, AC +8, negative energy resistance 1, electricity
resistance, torment resistance 1, petrification resistance
a: Renounce Religion


You were on level 11 of the Dungeon.
You worshipped Vehumet.
Vehumet was greatly pleased with you.
You visited 2 branches of the dungeon, and saw 12 of its levels.

You collected 874 gold pieces.
You spent 110 gold pieces at shops.

Inventory:

Missiles
 E - a throwing net
Armour
 e - a +0 cloak (worn)
 h - a +0 pair of gloves (worn)
 y - a +3 leather armour of fire resistance (worn)
Magical Staves
 J - a staff of conjuration (weapon)
Jewellery
 f - a +4 ring of protection (left hand)
 t - a ring of resist corrosion
 F - the ring of Lucidity (right hand) {Wiz Will+ Int+6 Dex-3}
   (You took it off a kobold brigand on level 9 of the Dungeon)

   [ring of wizardry]

   Wiz:       It improves your spell success rate.
   Int+6:     It affects your intelligence (+6).
   Dex-3:     It affects your dexterity (-3).
   Will+:     It increases your willpower.
 I - a ring of magical power
Wands
 b - a wand of roots (12)
 o - a wand of flame (51)
 x - a wand of paralysis (21)
 D - a wand of digging (2)
 G - a wand of polymorph (3)
Scrolls
 c - a scroll of amnesia {unknown}
 d - 2 scrolls of fog
 g - 2 scrolls of noise
 j - 4 scrolls of revelation
 l - 3 scrolls of fear
 p - a scroll of enchant weapon
 r - a scroll of immolation {unknown}
 s - a scroll of silence {unknown}
 v - a scroll of blinking {unknown}
 z - a scroll of enchant armour {unknown}
 A - 7 scrolls of teleportation
 B - a scroll of torment {unknown}
 H - a scroll of vulnerability {unknown}
Potions
 a - 3 potions of lignification {unknown}
 i - a potion of mutation {unknown}
 k - 5 potions of curing
 m - a potion of attraction {unknown}
 n - a potion of degeneration {unknown}
 q - 5 potions of heal wounds
 u - a potion of cancellation {unknown}
 w - 2 potions of brilliance {unknown}
 C - 2 potions of resistance {unknown}


   Skills:
 - Level 1.5 Dodging
 - Level 2.1 Stealth
 + Level 10.7 Spellcasting
 + Level 12.2 Conjurations
 + Level 13.7 Earth Magic


You had 28 spell levels left.
You knew the following spells:

 Your Spells              Type           Power      Damage    Failure   Level
a - Sandblast             Erth           100%       2d20      0%          1
b - Stone Arrow           Conj/Erth      100%       3d13      1%          3

Your spell library contained the following spells:

 Spells                   Type           Power      Damage    Failure   Level
 Inner Flame              Hex/Fire       13%        N/A       1%          3
 Shock                    Conj/Air       100%       1d9       1%          1
 Frozen Ramparts          Ice            26%        1d4       1%          3
 Passwall                 Erth           71%        N/A       1%          3
 Brom's Barrelling Bould  Conj/Erth      89%        2d10      1%          4
 Leda's Liquefaction      Alch/Erth      24%        N/A       1%          4
 Petrify                  Alch/Erth      49%        N/A       1%          4
 Swiftness                Air            13%        N/A       6%          3
 Airstrike                Air            6%         2d(1-17)  6%          4
 Dispel Undead            Necr           13%        3d9       21%         4
 Martyr's Knell           Necr/Summ      13%        N/A       21%         4
 Metabolic Englaciation   Hex/Ice        6%         N/A       50%         5
 Ozocubu's Refrigeration  Ice            6%         4d8       95%         7
 Death Channel            Necr           6%         N/A       96%         6
 Sculpt Simulacrum        Ice/Alch       6%         N/A       96%         6
 Polar Vortex             Ice            6%         N/A       99%         9
 Cigotuvi's Dreadful Rot  Necr/Alch/Air  Unusable   N/A       N/A         2

Dungeon Overview and Level Annotations

Branches:
Dungeon (11/15)            Temple (1/1) D:6            Lair (0/5) D:9
    Orc: D:9-12

Altars:
Ashenzari
Cheibriados
Dithmenos
Elyvilon
Fedhas
Gozag
Hepliaklqana
Kikubaaqudgha
Makhleb
Nemelex Xobeh
Okawaru
Qazlal
Ru
Sif Muna
Trog
Uskayaw
Vehumet
Wu Jian
Xom
Yredelemnul
Zin
The Shining One

Shops:
D:5 ([:=   D:7 *   D:10 [(=

Portals:
Abyss: D:4

Annotations:
D:4 2 transporters, Melum's ghost, amateur GnWn
D:6 3 runed translucent doors, pokeman's ghost, novice DEHW
D:10 2 transporters
D:11 1 exclusion, Erolcha


Innate Abilities, Weirdness & Mutations

You are immune to sickness and miasma.
Your stone body is resilient. (AC +8)
You are immune to poison.
You resist negative energy. (rN+)
You are resistant to electric shocks. (rElec)
You are resistant to unholy torment.
You are immune to petrification.


Message History

Vehumet accepts your kill.
You feel your power returning.
Casting: Stone Arrow (safe; 1% risk of failure)
Confirm with . or Enter, or press ? or * to list all spells.
Aiming: Stone Arrow (safe; 1% risk of failure)
Press: ? - help, Shift-Dir - straight line, f - skeletal warrior
Aim: a skeletal warrior, wielding a +0 battleaxe of freezing (78% to hit)
You feel a surge of power!
The stone arrow hits the skeletal warrior!
The skeletal warrior is lightly damaged.
The skeletal warrior closely misses you.
Casting: Stone Arrow (safe; 1% risk of failure)
Confirm with . or Enter, or press ? or * to list all spells.
Aiming: Stone Arrow (safe; 1% risk of failure)
Press: ? - help, Shift-Dir - straight line, f/p - skeletal warrior
Aim: a skeletal warrior, wielding a +0 battleaxe of freezing (lightly damaged, 78% to hit)
You feel a surge of power!
The stone arrow misses the skeletal warrior.
The skeletal warrior barely misses you.
Casting: Stone Arrow (safe; 1% risk of failure)
Confirm with . or Enter, or press ? or * to list all spells.
Aiming: Stone Arrow (safe; 1% risk of failure)
Press: ? - help, Shift-Dir - straight line, f/p - skeletal warrior
Aim: a skeletal warrior, wielding a +0 battleaxe of freezing (lightly damaged, 78% to hit)
You feel a surge of power!
The stone arrow hits the skeletal warrior!
The skeletal warrior is moderately damaged.
The skeletal warrior hits you with a +0 battleaxe of freezing!
The skeletal warrior freezes you.
Casting: Stone Arrow (safe; 1% risk of failure)
Confirm with . or Enter, or press ? or * to list all spells.
Aiming: Stone Arrow (safe; 1% risk of failure)
Press: ? - help, Shift-Dir - straight line, f/p - skeletal warrior
Aim: a skeletal warrior, wielding a +0 battleaxe of freezing (moderately damaged, 78% to hit)
You feel a surge of power!
The stone arrow misses the skeletal warrior.
The stone arrow hits the skeletal warrior.
The skeletal warrior is lightly damaged.
The skeletal warrior hits you with a +0 battleaxe of freezing!!
You die...

.......).......
.............z..
................
............z....
................. ...
.............# ....
..........#
...............####
.....>........zz@.#
..............###....#
.........>...## ##...#
..............### .##
................## #
#..#.............##
....................
....................
...##...............


You could see 2 skeletal warriors.

Vanquished Creatures
  A two-headed ogre (D:10)
  Erica (D:11)
  2 skeletal warriors (D:11)
  Pikel (D:9)
  Maurice (D:7)
  2 gargoyles (D:11)
  A rime drake (D:9)
  Psyche (D:11)
  A troll (D:10)
  A vampire (D:9)
  A wraith (D:9)
  A wyvern (D:8)
  20 yaks
  Eustachio (D:5)
  Grum (D:11)
  5 vampire mosquitoes
  Menkaure (D:5)
  A steam dragon (D:8)
  An acid dragon (D:9)
  2 water moccasins
  7 ice beasts (D:9)
  A black bear (D:8)
  6 orc warriors
  3 sky beasts
  4 ogres
  4 centaurs
  5 wolves
  4 phantoms
  A lemure (D:9)
  3 kobold brigands
  3 gnoll sergeants
  2 bullfrogs
  2 scorpions (D:6)
  3 wights (D:7)
  8 killer bees
  A howler monkey (D:4)
  2 bombardier beetles (D:7)
  A hound (D:6)
  2 jellies
  An iguana (D:6)
  8 orc priests
  Ijyb (D:5)
  A gnoll bouda (D:6)
  Natasha (thrice) (D:2)
  4 orc wizards
  11 gnolls
  5 adders
  A shadow imp (D:7)
  6 white imps
  A dart slug (D:2)
  3 ribbon worms
  43 orcs
  6 ball pythons
  8 bats
  8 endoplasms
  4 giant cockroaches
  5 goblins
  11 hobgoblins
  4 quokkas
  2 frilled lizards (D:1)
  17 kobolds
  4 rats
265 creatures vanquished.

Notes
Turn   | Place    | Note
-------+----------+-------------------------------------------
     0 | D:1      | CougarLife the Gargoyle Earth Elementalist began the quest
                  | for the Orb.
     0 | D:1      | Reached XP level 1. HP: 10/10 MP: 3/3
   163 | D:1      | Reached XP level 2. HP: 15/15 MP: 3/5
   228 | D:1      | Reached skill level 4 in Earth Magic
   504 | D:1      | Found a faded altar of an unknown god.
   585 | D:1      | Reached XP level 3. HP: 19/19 MP: 4/6
   909 | D:1      | You fall into a shaft and drop 1 floor!
  1286 | D:2      | Noticed Natasha
  1288 | D:2      | Killed Natasha
  1289 | D:2      | Reached XP level 4. HP: 24/24 MP: 4/8
  1416 | D:2      | Learned a level 3 spell: Stone Arrow
  1573 | D:2      | Noticed Natasha
  1599 | D:2      | Killed Natasha
  1752 | D:2      | Noticed Natasha
  1757 | D:2      | Killed Natasha
  1758 | D:2      | Reached XP level 5. HP: 20/28 MP: 5/9
  2208 | D:3      | Reached skill level 5 in Earth Magic
  3054 | D:4      | Reached XP level 6. HP: 32/32 MP: 8/11
  3177 | D:4      | Noticed Ijyb
  3190 | D:5      | Entered Level 5 of the Dungeon
  3194 | D:5      | Killed Ijyb
  3361 | D:4      | Found a one-way gate to the infinite horrors of the Abyss.
  3361 | D:4      | Noticed Melum's ghost (amateur GnWn)
  3369 | D:4      | Found a transporter.
  3383 | D:4      | Found a transporter.
  3671 | D:5      | Reached skill level 6 in Earth Magic
  3671 | D:5      | Reached XP level 7. HP: 36/36 MP: 3/13
  3841 | D:5      | Reached skill level 5 in Conjurations
  3935 | D:5      | Reached skill level 7 in Earth Magic
  3941 | D:5      | Reached skill level 5 in Spellcasting
  4039 | D:5      | Found Agrog's Jewellery Shoppe.
  4041 | D:5      | Found Jooh's Armour Shoppe.
  4041 | D:5      | Found Kaenkyg's Book Shoppe.
  4043 | D:5      | Found Bigaokac's Weapon Shoppe.
  4048 | D:5      | Noticed Eustachio
  4051 | D:5      | Reached XP level 8. HP: 41/41 MP: 12/15
  4053 | D:5      | Killed Eustachio
  4344 | D:5      | Noticed Menkaure
  4346 | D:5      | Killed Menkaure
  4471 | D:6      | Found a staircase to the Ecumenical Temple.
  4486 | Temple   | Entered the Ecumenical Temple
  4517 | Temple   | Became a worshipper of Vehumet
  4605 | D:6      | Reached skill level 8 in Earth Magic
  4707 | D:6      | Found a runed translucent gate.
  4707 | D:6      | Found a runed translucent gate.
  4710 | D:6      | Noticed pokeman's ghost (novice DEHW)
  4792 | D:6      | Found a runed translucent gate.
  4994 | D:6      | Reached XP level 9. HP: 45/45 MP: 6/18
  5150 | D:6      | Reached skill level 9 in Earth Magic
  5601 | D:7      | Reached * piety under Vehumet
  5601 | D:7      | Offered knowledge of Kiss of Death by Vehumet.
  5629 | D:7      | Identified the +3 scimitar "Diwuhoj" {freeze, *Corrode
                  | rN+++ Int+2 Dex+3}
  5695 | D:7      | Found Badafru's General Store.
  5703 | D:7      | Bought a potion of heal wounds for 50 gold pieces
  5703 | D:7      | Bought 3 scrolls of identify for 60 gold pieces
  5834 | D:7      | Found a hide-covered altar of Uskayaw.
  5837 | D:7      | Found a bloodstained altar of Trog.
  5838 | D:7      | Found an ancient bone altar of Kikubaaqudgha.
  5839 | D:7      | Noticed Maurice
  5840 | D:7      | Found a shimmering altar of Xom.
  5859 | D:7      | Killed Maurice
  6115 | D:7      | Reached skill level 10 in Earth Magic
  6224 | D:7      | Reached XP level 10. HP: 36/50 MP: 17/21
  6359 | D:7      | Found an ornate altar of the Wu Jian Council.
  6862 | D:8      | Reached ** piety under Vehumet
  6862 | D:8      | Offered knowledge of Scorch by Vehumet.
  7077 | D:8      | Reached skill level 11 in Earth Magic
  8538 | D:9      | Found a stormy altar of Qazlal.
  8611 | D:9      | Reached skill level 10 in Conjurations
  8724 | D:9      | Found a staircase to the Lair.
  8814 | D:9      | Identified the ring of Lucidity {Wiz Will+ Int+6 Dex-3}
  8829 | D:9      | Reached XP level 11. HP: 54/54 MP: 15/24
  9074 | D:9      | Noticed Pikel
  9083 | D:9      | Killed Pikel
  9084 | D:9      | Reached skill level 12 in Earth Magic
  9157 | D:9      | Offered knowledge of Volatile Blastmotes by Vehumet.
  9337 | D:9      | Reached *** piety under Vehumet
  9888 | D:9      | Offered knowledge of Sticky Flame by Vehumet.
  9938 | D:10     | Entered Level 10 of the Dungeon
  9938 | D:10     | Noticed a two-headed ogre
  9947 | D:10     | Killed a two-headed ogre
 10089 | D:10     | Found a transporter.
 10089 | D:10     | Found Qielyxt's Weapon Emporium.
 10130 | D:10     | Identified the +1 robe of Garimiega {rF+ MP+9}
 10234 | D:10     | Found a transporter.
 10263 | D:10     | Found Gixki's Antique Armour Shoppe.
 10404 | D:10     | Found Laotic's Jewellery Shop.
 10853 | D:10     | Noticed a salamander
 10865 | D:11     | Noticed Erolcha
 10872 | D:11     | Noticed Psyche
 10876 | D:11     | Killed Psyche
 11101 | D:11     | Noticed a skeletal warrior
 11117 | D:11     | Killed a skeletal warrior
 11118 | D:11     | Reached skill level 10 in Spellcasting
 11193 | D:11     | Noticed Erica
 11193 | D:11     | Noticed a skeletal warrior
 11193 | D:11     | Noticed a skeletal warrior
 11193 | D:11     | Noticed a skeletal warrior
 11194 | D:11     | Noticed a skeletal warrior
 11256 | D:11     | Noticed Grum
 11264 | D:11     | Reached skill level 13 in Earth Magic
 11359 | D:11     | Killed Grum
 11378 | D:11     | Reached **** piety under Vehumet
 11913 | D:11     | Offered knowledge of Inner Flame by Vehumet.
 11927 | D:11     | Reached XP level 12. HP: 23/59 MP: 20/26
 12276 | D:11     | Killed Erica
 12337 | D:11     | Mangled by a skeletal warrior

Illustrated notes

Levels and vault maps discovered:
D:1:      spicycebolla_arrival_risky_transporter, layout_loops_ring,
          shapermc_ecumenical_altar_venn, kennysheep_flooded_box,
          minmay_tetromino_t4
D:2:      layout_loops_ring, uniq_natasha
D:3:      layout_loops_corners
D:4:      layout_rooms, gammafunk_ghost_abyssal_escape, st_stairs_13, uniq_ijyb
D:5:      layout_basic, minmay_shop_grid_forest, st_stairs_12, uniq_menkaure,
          uniq_eustachio
D:6:      cheibrodos_barr_body, layout_basic, minmay_temple_entry_glass,
          gammafunk_ghost_split
D:7:      layout_loops_ring, grunt_temple_overflow_open,
          mainiacjoe_overflow_cross_hatched, serial_shops, shop, uniq_maurice
D:8:      layout_layer_cave, grunt_ministairs_1
D:9:      layout_roguey [special_room_orc], lemuel_crystal_altar,
          hellmonk_lair_entry_icy, uniq_pikel
D:10:     layout_loops_ring, serial_shops, nicolae_shop_drivethru, shop,
          nicolae_shop_pleasant_corner_grove, minmay_strange_pillars,
          lightli_corner_chamber
D:11:     layout_layer_cave, kennysheep_orc_monster_closet_entryway, uniq_grum,
          uniq_erolcha, uniq_erica, uniq_psyche
Temple:   kb_temple_of_zot

Skill      XL: |  1  2  3  4  5  6  7  8  9 10 11 12 |
---------------+-------------------------------------+-----
Earth Magic    | 4 5 6 7 8 10 11 13 | 13.7
Conjurations   | 2 3 4 5 7 8 10 11 12 | 12.2
Spellcasting   | 3 4 5 6 7 9 10 | 10.7
Dodging        | |  1.5
Stealth        | |  2.1

Action                     |  1- 3 |  4- 6 |  7- 9 | 10-12 || total
---------------------------+-------+-------+-------+-------++-------
  Melee: Dagger            |     6 |     9 |     1 |     2 ||    18
         Unarmed           |     1 |       |       |       ||     1
   Cast: Sandblast         |    29 |    78 |   127 |   151 ||   385
         Stone Arrow       |       |     9 |    19 |   115 ||   143
    Use: Potion            |       |     1 |       |       ||     1
         Scroll            |       |       |     6 |     1 ||     7
   Stab: Sleeping          |     1 |       |       |       ||     1
 Armour: Robe              |    12 |    37 |       |       ||    49
         Leather armour    |       |     1 |    86 |   128 ||   215
  Dodge: Dodged            |     9 |    20 |    53 |   108 ||   190

Table legend: (Time is in decaauts)
 A = Elapsed time spent in this place.
 B = Non-inter-level travel time spent in this place.
 C = Inter-level travel time spent in this place.
 D = Time resting spent in this place.
 E = Time spent auto-exploring this place.
 F = Levels seen in this place.
 G = Mean time per level.
                   A        B        C        D        E       F      G
               +--------+--------+--------+--------+--------+-----+--------+
         Total |  12534 |  11754 |    780 |   2596 |   7123 |  12 | 1044.5 |
       Dungeon |  12472 |  11752 |    720 |   2596 |   7123 |  11 | 1133.8 |
        Temple |     62 |      2 |     60 |      0 |      0 |   1 |   62.0 |
               +--------+--------+--------+--------+--------+-----+--------+

Top non-repeatable levels by time:
     D:8: 1730 daAuts
     D:7: 1610 daAuts
     D:9: 1400 daAuts
    D:11: 1382 daAuts
     D:1: 1176 daAuts
     D:5: 921 daAuts
    D:10: 911 daAuts
     D:6: 910 daAuts
     D:3: 881 daAuts
     D:2: 863 daAuts
     D:4: 685 daAuts
  Temple: 62 daAuts
